SAA
CASPER GHOSTS @ TACOMA FUR TRADERS
07/09/2041
 
TOP OF THE 1ST
Casper Ghosts batting - Pitching for Tacoma Fur Traders : LHP Félix Benítez
Pitching: LHP Félix Benítez
Batting: RHB Ken Joyner 0-0: Ball
1-0: Ground out 6-3 (Groundball, 6S, EV 86.9 MPH)
Batting: RHB Marcos Janero 0-0: Ball
1-0: Fly out, F9 (Flyball, 9S, EV 74.4 MPH)
Batting: RHB Cam Lumsden 0-0: Ball
1-0: Called Strike
1-1: Ball
2-1: Foul Ball, location: 2F
2-2: Ball
3-2: Strikes out swinging
Top of the 1st over - 0 runs, 0 hits, 0 errors, 0 left on base; Casper 0 - Tacoma 0
BOTTOM OF THE 1ST
Tacoma Fur Traders batting - Pitching for Casper Ghosts : RHP Foster Lang
Pitching: RHP Foster Lang
Batting: LHB Ron Lee 0-0: Fly out, F9 (Flyball, 9S, EV 88.8 MPH)
Batting: SHB Jake Pinto 0-0: Ball
1-0: Ball
2-0: Called Strike
2-1: Foul Ball, location: 2F
2-2: Strikes out swinging
Batting: LHB Hori Ikenaki 0-0: Called Strike
0-1: Ball
1-1: Swinging Strike
1-2: Fly out, F8 (Flyball, 89D, EV 100.0 MPH)
Bottom of the 1st over - 0 runs, 0 hits, 0 errors, 0 left on base; Casper 0 - Tacoma 0
TOP OF THE 2ND
Casper Ghosts batting - Pitching for Tacoma Fur Traders : LHP Félix Benítez
Batting: RHB Félix Fernández 0-0: Fly out, F9 (Flyball, 89M, EV 86.9 MPH)
Batting: LHB Edward Kisiner 0-0: Called Strike
0-1: Ball
1-1: Foul Ball, location: 2F
1-2: Strikes out swinging
Batting: RHB Obiniana Romulo 0-0: Called Strike
0-1: Ball
1-1: Ball
2-1: Swinging Strike
2-2: Ball
3-2: Foul Ball, location: 2F
3-2: Foul Ball, location: 2F
3-2: Strikes out swinging
Top of the 2nd over - 0 runs, 0 hits, 0 errors, 0 left on base; Casper 0 - Tacoma 0
BOTTOM OF THE 2ND
Tacoma Fur Traders batting - Pitching for Casper Ghosts : RHP Foster Lang
Batting: LHB Jaako Haavisto 0-0: Ball
1-0: Swinging Strike
1-1: Ball
2-1: Ground out 1-3 (Groundball, 13S, EV 68.8 MPH)
Batting: RHB Félix Olvera 0-0: Ball
1-0: Fly out, F8 (Line Drive, 8LM, EV 98.1 MPH)
Batting: LHB Bari bin Sayyid 0-0: Ball
1-0: Fly out, F7 (Flyball, 7S, EV 97.5 MPH)
Bottom of the 2nd over - 0 runs, 0 hits, 0 errors, 0 left on base; Casper 0 - Tacoma 0
TOP OF THE 3RD
Casper Ghosts batting - Pitching for Tacoma Fur Traders : LHP Félix Benítez
Batting: RHB Izaak Gerkis 0-0: Called Strike
0-1: Ground out 6-3 (Groundball, 6, EV 83.8 MPH)
Batting: RHB Thinley Tshering 0-0: Ball
1-0: Ball
2-0: Ball
3-0: Called Strike
3-1: Swinging Strike
3-2: Base on Balls
Batting: RHB Teok-kyu Pak 0-0: Called Strike
0-1: Foul Ball, location: 2F
0-2: Ball
1-2: Fielders Choice at 2nd, 6-4 (Groundball, 56, EV 84.4 MPH)
Batting: RHB Ken Joyner 0-0: Ball
1-0: Ball
2-0: Foul Ball, location: 2F
2-1: Fielders Choice at 2nd, 6-4 (Groundball, 56, EV 86.9 MPH)
Top of the 3rd over - 0 runs, 0 hits, 0 errors, 1 left on base; Casper 0 - Tacoma 0
BOTTOM OF THE 3RD
Tacoma Fur Traders batting - Pitching for Casper Ghosts : RHP Foster Lang
Batting: RHB Mario Rangel 0-0: Foul Ball, location: 2F
0-1: Ball
1-1: Ball
2-1: Called Strike
2-2: Foul Ball, location: 2F
2-2: SINGLE (Line Drive, 78S, EV 108.8 MPH)
Batting: RHB Jeroen Penning 0-0: Ball
1-0: Ball
2-0: Grounds into double play, 6-4-3 (Groundball, 6, EV 107.5 MPH)
Batting: RHB Henry Kent 0-0: Ball
1-0: Called Strike
1-1: Ground out 6-3 (Groundball, 6, EV 82.5 MPH)
Bottom of the 3rd over - 0 runs, 1 hit, 0 errors, 0 left on base; Casper 0 - Tacoma 0
TOP OF THE 4TH
Casper Ghosts batting - Pitching for Tacoma Fur Traders : LHP Félix Benítez
Batting: RHB Marcos Janero 0-0: Ball
1-0: SINGLE (Groundball, 56, EV 85.0 MPH) (infield hit)
Batting: RHB Cam Lumsden 0-0: Ball
1-0: Called Strike
1-1: Fly out, F8 (Flyball, 8RM, EV 91.2 MPH)
Batting: RHB Félix Fernández 0-0: Ball
1-0: Ball
2-0: Called Strike
2-1: SINGLE (Groundball, 6MD, EV 95.6 MPH)
Marcos Janero to second
Runner from 2nd tries for 3rd, SAFE, no throw by CF
Batting: LHB Edward Kisiner 0-0: Foul Ball, location: 2F
0-1: Foul Ball, location: 2F
0-2: Ball
1-2: Foul Ball, location: 2F
1-2: Foul Ball, location: 2F
1-2: Ball
2-2: DOUBLE (Line Drive, 78D, EV 105.0 MPH)
Marcos Janero scores
Félix Fernández to third
Batting: RHB Obiniana Romulo 0-0: Ball
1-0: Ball
2-0: Ground out 6-3 (Groundball, 6MS, EV 85.0 MPH)
Félix Fernández scores
Edward Kisiner to third
Batting: RHB Izaak Gerkis 0-0: Ball
1-0: Swinging Strike
1-1: Ground out 6-3 (Groundball, 6M, EV 83.8 MPH)
Top of the 4th over - 2 runs, 3 hits, 0 errors, 1 left on base; Casper 2 - Tacoma 0
BOTTOM OF THE 4TH
Tacoma Fur Traders batting - Pitching for Casper Ghosts : RHP Foster Lang
Batting: LHB Ron Lee 0-0: Swinging Strike
0-1: Ground out 4-3 (Groundball, 4D, EV 106.9 MPH)
Batting: SHB Jake Pinto 0-0: Called Strike
0-1: Ball
1-1: Ball
2-1: Swinging Strike
2-2: Strikes out swinging
Batting: LHB Hori Ikenaki 0-0: Called Strike
0-1: Ground out U3 (Groundball, 3, EV 83.8 MPH)
Bottom of the 4th over - 0 runs, 0 hits, 0 errors, 0 left on base; Casper 2 - Tacoma 0
TOP OF THE 5TH
Casper Ghosts batting - Pitching for Tacoma Fur Traders : LHP Félix Benítez
Batting: RHB Thinley Tshering 0-0: Ball
1-0: Called Strike
1-1: Called Strike
1-2: Ball
2-2: SINGLE (Groundball, 56D, EV 106.2 MPH)
Batting: RHB Teok-kyu Pak 0-0: Swinging Strike
0-1: Foul Ball, location: 2F
0-2: SINGLE (Line Drive, 7LS, EV 91.9 MPH)
Thinley Tshering to second
Batting: RHB Ken Joyner 0-0: Called Strike
0-1: Foul Ball, location: 2F
0-2: Fielders Choice at 2nd, 1-4 (Groundball, 25, EV 70.0 MPH)
Thinley Tshering to third
Batting: RHB Marcos Janero 0-0: DOUBLE (Groundball, 5L, EV 100.6 MPH)
Thinley Tshering scores
Ken Joyner to third
Batting: RHB Cam Lumsden 0-0: Ball
1-0: Called Strike
1-1: DOUBLE (Line Drive, 8LXD, EV 108.1 MPH)
Ken Joyner scores
Marcos Janero scores
Pitching: LHP Klaus de Lijser
Batting: RHB Félix Fernández 0-0: Called Strike
0-1: DOUBLE (Line Drive, 9LM, EV 102.5 MPH)
Cam Lumsden scores
Batting: LHB Edward Kisiner 0-0: Swinging Strike
0-1: Ball
1-1: Ball
2-1: Foul Ball, location: 2F
2-2: TRIPLE (Flyball, 89XD, EV 109.4 MPH)
Félix Fernández scores
Batting: RHB Obiniana Romulo 0-0: Ball
1-0: Called Strike
1-1: Foul Ball, location: 2F
1-2: Ball
2-2: Foul Ball, location: 2F
2-2: SINGLE (Line Drive, 7S, EV 90.0 MPH)
Edward Kisiner scores
Batting: RHB Izaak Gerkis 0-0: Ball
1-0: Fly out, F7 (Flyball, 7LMF, EV 90.6 MPH)
Batting: RHB Thinley Tshering 0-0: Called Strike
0-1: Ball
1-1: Ball
2-1: DOUBLE (Line Drive, 9LS, EV 114.4 MPH)
Obiniana Romulo to third
Batting: RHB Teok-kyu Pak 0-0: Ball
1-0: Called Strike
1-1: Ball
2-1: Ball
3-1: Swinging Strike
3-2: Base on Balls
Batting: RHB Ken Joyner 0-0: Called Strike
0-1: Ball
1-1: Fly out, F7 (Line Drive, 7, EV 93.1 MPH)
Top of the 5th over - 6 runs, 8 hits, 0 errors, 3 left on base; Casper 8 - Tacoma 0
BOTTOM OF THE 5TH
Tacoma Fur Traders batting - Pitching for Casper Ghosts : RHP Foster Lang
Batting: LHB Jaako Haavisto 0-0: Called Strike
0-1: Reached on error, E3 (Groundball, 3, EV 96.2 MPH)
Batting: RHB Félix Olvera 0-0: Ball
1-0: Grounds into double play, 6-4-3 (Groundball, 6S, EV 82.5 MPH)
Batting: LHB Bari bin Sayyid 0-0: Ball
1-0: Ball
2-0: Reached on error, E3 (Groundball, 3, EV 80.0 MPH)
Batting: RHB Mario Rangel 0-0: Ball
1-0: Ball
2-0: Called Strike
2-1: Fielders Choice at 2nd, 5-4 (Groundball, 56, EV 84.4 MPH)
Bottom of the 5th over - 0 runs, 0 hits, 2 errors, 1 left on base; Casper 8 - Tacoma 0
TOP OF THE 6TH
Casper Ghosts batting - Pitching for Tacoma Fur Traders : LHP Klaus de Lijser
Batting: RHB Marcos Janero 0-0: Ball
1-0: Ball
2-0: Ball
3-0: Called Strike
3-1: Called Strike
3-2: Ground out U3 (Groundball, 34S, EV 79.4 MPH)
Batting: RHB Cam Lumsden 0-0: Fly out, F9 (Flyball, 9S, EV 81.9 MPH)
Batting: RHB Félix Fernández 0-0: Ball
1-0: Ground out 5-3 (Groundball, 5, EV 93.1 MPH)
Top of the 6th over - 0 runs, 0 hits, 0 errors, 0 left on base; Casper 8 - Tacoma 0
BOTTOM OF THE 6TH
Tacoma Fur Traders batting - Pitching for Casper Ghosts : RHP Foster Lang
Batting: RHB Jeroen Penning 0-0: Foul Ball, location: 2F
0-1: Called Strike
0-2: Strikes out swinging
Batting: RHB Henry Kent 0-0: Foul Ball, location: 2F
0-1: Ball
1-1: Called Strike
1-2: Ball
2-2: Ball
3-2: Foul Ball, location: 2F
3-2: Base on Balls
Batting: LHB Ron Lee 0-0: Called Strike
0-1: Ball
1-1: SINGLE (Groundball, 6, EV 82.5 MPH) (infield hit)
Henry Kent to second
Batting: SHB Jake Pinto 0-0: Called Strike
0-1: Foul Ball, location: 2F
0-2: Ball
1-2: Ball
2-2: Ball
3-2: Foul Ball, location: 2F
3-2: Foul Ball, location: 2F
3-2: Foul Ball, location: 2F
3-2: Foul Ball, location: 2F
3-2: SINGLE (Groundball, 34D, EV 97.5 MPH)
Henry Kent to third
Ron Lee to second
Runner from 3rd tries for Home, SAFE, throw by RF to home
Batting: LHB Hori Ikenaki 0-0: Swinging Strike
0-1: SINGLE (Line Drive, 6D, EV 103.1 MPH)
Ron Lee to third
Jake Pinto to second
Runner from 3rd tries for Home, SAFE, throw by CF to home
Batting: LHB Jaako Haavisto 0-0: Called Strike
0-1: Grounds into double play, 5-4-3 (Groundball, 56, EV 101.2 MPH)
Bottom of the 6th over - 2 runs, 3 hits, 0 errors, 1 left on base; Casper 8 - Tacoma 2
TOP OF THE 7TH
Casper Ghosts batting - Pitching for Tacoma Fur Traders : LHP Klaus de Lijser
Batting: LHB Edward Kisiner 0-0: Called Strike
0-1: Foul Ball, location: 2F
0-2: Foul Ball, location: 2F
0-2: Foul Ball, location: 2F
0-2: Ball
1-2: Ball
2-2: SINGLE (Groundball, 34D, EV 98.8 MPH)
Batting: RHB Obiniana Romulo 0-0: Called Strike
0-1: Ball
1-1: Ball
2-1: Swinging Strike
2-2: Fielders Choice at 2nd, 5-4 (Groundball, 5, EV 86.9 MPH)
Batting: RHB Izaak Gerkis 0-0: Ground out 6-3 (Groundball, 6S, EV 65.0 MPH)
Obiniana Romulo to second
Batting: RHB Thinley Tshering 0-0: Ball
1-0: Called Strike
1-1: Ball
2-1: Foul Ball, location: 2F
2-2: Strikes out swinging
Top of the 7th over - 0 runs, 1 hit, 0 errors, 1 left on base; Casper 8 - Tacoma 2
BOTTOM OF THE 7TH
Tacoma Fur Traders batting - Pitching for Casper Ghosts : RHP Foster Lang
Batting: RHB Félix Olvera 0-0: Ball
1-0: Ball
2-0: Called Strike
2-1: Ball
3-1: SINGLE (Groundball, 56S, EV 62.5 MPH) (infield hit)
Batting: LHB Bari bin Sayyid 0-0: Called Strike
0-1: Ball
1-1: Grounds into double play, 4-6-3 (Groundball, 4, EV 79.4 MPH)
Batting: RHB Mario Rangel 0-0: Ground out 5-3 (Groundball, 56, EV 110.0 MPH)
Bottom of the 7th over - 0 runs, 1 hit, 0 errors, 0 left on base; Casper 8 - Tacoma 2
TOP OF THE 8TH
Casper Ghosts batting - Pitching for Tacoma Fur Traders : LHP Klaus de Lijser
Batting: RHB Teok-kyu Pak 0-0: Called Strike
0-1: Ball
1-1: Foul Ball, location: 2F
1-2: SINGLE (Line Drive, 9S, EV 95.6 MPH)
Pitching: RHP Jesús Cruz
Batting: RHB Ken Joyner 0-0: Ball
1-0: Foul Ball, location: 2F
1-1: Ball
Teok-kyu Pak steals 2nd base (no throw)
2-1: Called Strike
2-2: Strikes out swinging
Batting: RHB Marcos Janero 0-0: Ground out 5-3 (Groundball, 56, EV 86.9 MPH)
Batting: RHB Cam Lumsden 0-0: Called Strike
0-1: Foul Ball, location: 2F
0-2: Ground out 5-3 (Groundball, 56, EV 85.0 MPH)
Top of the 8th over - 0 runs, 1 hit, 0 errors, 1 left on base; Casper 8 - Tacoma 2
BOTTOM OF THE 8TH
Tacoma Fur Traders batting - Pitching for Casper Ghosts : RHP Foster Lang
Batting: RHB Jeroen Penning 0-0: Ball
1-0: Foul Ball, location: 2F
1-1: Ball
2-1: Ground out 4-3 (Groundball, 4, EV 81.2 MPH)
Batting: RHB Henry Kent 0-0: Ball
1-0: Called Strike
1-1: Foul Ball, location: 2F
1-2: Ball
2-2: Foul Ball, location: 2F
2-2: Ball
3-2: SOLO HOME RUN (Flyball, 7LD, EV 112.5 MPH), Distance : 370 ft
Batting: LHB Ron Lee 0-0: Fly out, F6 (Popup, 15, EV 81.2 MPH)
Batting: SHB Jake Pinto 0-0: Ball
1-0: Called Strike
1-1: Ball
2-1: SINGLE (Groundball, 34D, EV 95.6 MPH)
Batting: LHB Hori Ikenaki 0-0: Ball
1-0: Fielders Choice at 2nd, 6-4 (Groundball, 6, EV 83.1 MPH)
Bottom of the 8th over - 1 run, 2 hits, 0 errors, 1 left on base; Casper 8 - Tacoma 3
TOP OF THE 9TH
Casper Ghosts batting - Pitching for Tacoma Fur Traders : RHP Jesús Cruz
Pitching: RHP Kenny Caird
Batting: RHB Félix Fernández 0-0: Ball
1-0: Called Strike
1-1: Ball
2-1: Fly out, F8 (Flyball, 8RM, EV 94.4 MPH)
Batting: LHB Edward Kisiner 0-0: Ball
1-0: Foul Ball, location: 2F
1-1: Ball
2-1: Called Strike
2-2: Foul Ball, location: 2F
2-2: Ball
3-2: Base on Balls
Batting: RHB Obiniana Romulo 0-0: Ball
1-0: Called Strike
1-1: Ball
2-1: Fly out, F7 (Line Drive, 7S, EV 112.5 MPH)
Batting: RHB Izaak Gerkis 0-0: Foul Ball, location: 2F
0-1: Ball
1-1: Foul Ball, location: 2F
1-2: Foul Ball, location: 2F
1-2: Ball
2-2: Ball
3-2: Base on Balls
Edward Kisiner to second
Batting: RHB Thinley Tshering 0-0: Called Strike
0-1: Called Strike
0-2: Ball
1-2: Foul Ball, location: 2F
1-2: Foul Ball, location: 2F
1-2: Foul Ball, location: 2F
1-2: Strikes out swinging
Top of the 9th over - 0 runs, 0 hits, 0 errors, 2 left on base; Casper 8 - Tacoma 3
BOTTOM OF THE 9TH
Tacoma Fur Traders batting - Pitching for Casper Ghosts : RHP Foster Lang
Batting: LHB Jaako Haavisto 0-0: Ball
1-0: Called Strike
1-1: Ball
2-1: Foul Ball, location: 2F
2-2: Ground out 1-3 (Groundball, 23, EV 83.1 MPH)
Batting: RHB Félix Olvera 0-0: Called Strike
0-1: Ball
1-1: Foul Ball, location: 2F
1-2: Ball
2-2: Ball
3-2: Strikes out swinging
Pitching: RHP Jong-beom Park
Batting: LHB Bari bin Sayyid 0-0: SINGLE (Groundball, 25, EV 67.5 MPH) (infield hit)
Batting: RHB Mario Rangel 0-0: Foul Ball, location: 2F
0-1: Ball
1-1: Foul Ball, location: 2F
1-2: Ball
2-2: Strikes out looking
Bottom of the 9th over - 0 runs, 1 hit, 0 errors, 1 left on base; Casper 8 - Tacoma 3
Tuesday, January 5th, 2021 - OOTP Baseball 20.8 Build 74